 Dungeon Crawl Stone Soup version 0.29-a0-486-ga88943ba61 (webtiles) character file.

Game seed: 9725667563382473048

132969 Morbidden the Brawler (level 16, -5/156 HPs)
             Began as a Troll Transmuter on May 26, 2022.
             Was the Champion of Qazlal.
             Slain by a ghost moth (6 damage)
             ... on level 1 of the Spider Nest.
             The game lasted 00:50:13 (22122 turns).

Morbidden the Brawler (Troll Transmuter)           Turns: 22122, Time: 00:50:14

Health: -5/156     AC:  1    Str: 28    XL:     16   Next: 58%
Magic:  3/23       EV: 13    Int: 15    God:    Qazlal [******]
Gold:   3174       SH: 23    Dex: 10    Spells: 14/26 levels left

rFire   . . .      SeeInvis +     - Unarmed
rCold   . . .      Faith    .   S - +2 tower shield {AC+3}
rNeg    . . .      Spirit   .   B - quicksilver dragon scales
rPois   +          Reflect  .   l - +2 hat
rElec   .          Harm     .   T - +0 cloak {rPois}
rCorr   .          Rampage  .   (gloves unavailable)
Will    ++...                   (boots unavailable)
Stlth   ..........              m - amulet of magic regeneration
HPRegen 1.16/turn               E - ring of see invisible
MPRegen 0.58/turn               R - ring "Qoblaqeno" {EV+4 Str+6}

@: protected from physical damage, corroded, studying Transmutations, repel
missiles
A: large, unfitting armour, claws 3, regeneration 1, shaggy fur 1, tough skin 1
a: Renounce Religion, Upheaval, Elemental Force, Disaster Area


You were on level 1 of the Spider Nest.
You worshipped Qazlal.
Qazlal was exalted by your worship.
You visited 4 branches of the dungeon, and saw 24 of its levels.
You also visited: Bailey, Gauntlet and Volcano.

You collected 3669 gold pieces.
You spent 495 gold pieces at shops.

Inventory:

Missiles
 a - 2 curare-tipped darts
 e - 24 boomerangs (quivered)
 y - 3 silver javelins
 D - 20 javelins
 F - 23 poisoned darts
 Y - 15 large rocks
Armour
 k - a +0 robe of cold resistance
 l - a +2 hat (worn)
 r - +0 fire dragon scales
 t - an orb of light
 B - quicksilver dragon scales (worn)
 G - +0 acid dragon scales
 S - a +2 tower shield of protection (worn)
 T - a +0 cloak of poison resistance (worn)
Jewellery
 f - a ring of flight
 j - the ring "Noucopas" {Fire Int+4}
   (You found it in a Gauntlet)

   [ring of fire]

   It enhances your fire magic.
   Int:       It affects your intelligence (+4).
   rF:        It protects you from fire.
   rC:        It makes you vulnerable to cold.
 m - an amulet of magic regeneration (around neck)
 s - a +4 ring of evasion
 x - a +4 ring of protection
 E - a ring of see invisible (left claw)
 P - a ring of magical power
 R - the ring "Qoblaqeno" (right claw) {EV+4 Str+6}
   (You found it on level 4 of the Lair of Beasts)

   [ring of evasion]

   EV:        It affects your evasion (+4).
   Str:       It affects your strength (+6).
 Z - a ring of ice
Wands
 u - a wand of digging (5)
 A - a wand of flame (50)
 C - a wand of mindburst (7)
 K - a wand of iceblast (13)
 M - a wand of paralysis (4)
 Q - a wand of acid (9)
Scrolls
 d - a scroll of enchant armour
 h - a scroll of summoning
 i - 9 scrolls of identify
 n - 3 scrolls of teleportation
 J - 4 scrolls of enchant weapon
 N - 3 scrolls of amnesia
 W - 2 scrolls of blinking
Potions
 b - 2 potions of lignification
 c - 6 potions of heal wounds
 g - 7 potions of flight
 o - 4 potions of invisibility
 p - 5 potions of berserk rage
 q - 4 potions of might
 v - 8 potions of haste
 w - 10 potions of curing
 z - 5 potions of magic
 I - 3 potions of mutation
 L - 7 potions of ambrosia
 O - 4 potions of cancellation
 V - a potion of resistance
Miscellaneous
 H - a phantom mirror (inert)
 X - a condenser vane


   Skills:
 * Level 9.1 Fighting
 * Level 7.5 Throwing
 + Level 3.7 Armour
 * Level 8.8 Dodging
 * Level 6.4 Shields
 * Level 16.7 Unarmed Combat
 * Level 5.6 Spellcasting
 * Level 7.4 Transmutations
 * Level 5.9 Ice Magic
 * Level 1.7 Air Magic
 + Level 3.6 Poison Magic
 - Level 3.0 Invocations


You had 14 spell levels left.
You knew the following spells:

 Your Spells              Type           Power      Damage    Failure   Level
a - Beastly Appendage     Tmut           52%        N/A       6%          1
b - Ice Form              Ice/Tmut       24%        N/A       63%         4
c - Airstrike             Air            4%         N/A       99%         4
q - Spider Form           Tmut/Pois      20%        N/A       36%         3

Your spell library contained the following spells:

 Spells                   Type           Power      Damage    Failure   Level
 Wereblood                Tmut           26%        N/A       9%          2
 Freeze                   Ice            84%        1d10      11%         1
 Frozen Ramparts          Ice            42%        1d6       32%         3
 Ozocubu's Armour         Ice            21%        N/A       32%         3
 Ignite Poison            Fire/Tmut/Pois 15%        N/A       63%         3
 Shock                    Conj/Air       24%        1d4       65%         1
 Magic Dart               Conj           16%        1d3       77%         1
 Necrotize                Necr           16%        1d4       77%         1
 Blade Hands              Tmut           13%        N/A       85%         5
 Mephitic Cloud           Conj/Pois/Air  9%         N/A       87%         3
 Swiftness                Air            9%         N/A       87%         3
 Blink                    Tloc           8%         N/A       88%         2
 Call Imp                 Summ           4%         N/A       88%         2
 Searing Ray              Conj           8%         2d4       88%         2
 Olgreb's Toxic Radiance  Pois           15%        N/A       95%         4
 Conjure Flame            Conj/Fire      4%         6-21      98%         3
 Dazzling Flash           Conj/Hex       8%         N/A       98%         3
 Inner Flame              Hex/Fire       4%         N/A       98%         3
 Lesser Beckoning         Tloc           4%         N/A       98%         3
 Vampiric Draining        Necr           4%         2d6       98%         3
 Hailstorm                Conj/Ice       13%        3d5       98%         4
 Anguish                  Hex/Necr       2%         N/A       100%        4
 Cause Fear               Hex            2%         N/A       100%        4
 Fulminant Prism          Conj/Hex       2%         3d6       100%        4
 Iskenderun's Mystic Bla  Conj/Tloc      4%         2d3       100%        4
 Sticky Flame             Conj/Fire      4%         2d3       100%        4
 Agony                    Necr           4%         N/A       100%        5
 Irradiate                Conj/Tmut      7%         3d15      100%        5
 Manifold Assault         Tloc           4%         N/A       100%        5
 Metabolic Englaciation   Hex/Ice        6%         N/A       100%        5
 Simulacrum               Ice/Necr       6%         N/A       100%        6
 Starburst                Conj/Fire      2%         6d3       100%        6
 Dragon Form              Tmut           13%        N/A       100%        7
 Enfeeble                 Hex            2%         N/A       100%        7
 Ozocubu's Refrigeration  Ice            10%        4d7       100%        7
 Discord                  Hex            2%         N/A       100%        8
 Ignition                 Fire           2%         3d3       100%        8


Dungeon Overview and Level Annotations

Branches:
Dungeon (15/15)            Temple (0/1) D:6            Lair (6/6) D:9
  Swamp (0/4) Lair:3       Spider (1/4) Lair:4        Slime (0/5) Lair:6
    Orc (2/2) D:10            Elf (0/3) Orc:2        Vaults (0/5) D:13
 Depths (0/4) D:15         Bailey (visited)         Volcano (visited)
Gauntlet (visited)

Altars:
Ashenzari
Elyvilon
Gozag
Kikubaaqudgha
Qazlal
Sif Muna
Trog
Uskayaw
Xom
Yredelemnul
The Shining One

Shops:
D:10 [   D:14 :!*[   Orc:1 ?   Orc:2 ([([

Annotations:
D:8 3 runed translucent doors, Infinimo's ghost, novice DsGl
D:9 2 transporters, Bruhh's ghost, journeyman DjFE
Lair:1 2 transporters, Banquo's ghost, journeyman HOFi


Innate Abilities, Weirdness & Mutations

You are too large for most types of armour.
You have claws for hands.
Your natural rate of healing is unusually fast.
You are covered in fur. (AC +1)
You have tough skin. (AC +1)


Message History

Unknown command.
Unknown command.
You scratch the entropy weaver but do no damage.
The entropy weaver is almost dead.
The entropy weaver gestures at you while chanting.
The entropic weave corrodes you!
Unknown command.
You closely miss the entropy weaver.
The entropy weaver is almost dead.
You block the entropy weaver's attack. x4
Unknown command.
You scratch the entropy weaver but do no damage.
The entropy weaver is almost dead.
You block the entropy weaver's attack. x2; The entropy weaver hits you!
* * * LOW HITPOINT WARNING * * *
The entropy weaver closely misses you.
Unknown command.
You mangle the entropy weaver!!
You kill the entropy weaver!
Qazlal accepts your kill. The ghost moth stares at you.
You feel your power leaking away. You block the ghost moth's attack.
The ghost moth misses you. The ghost moth stings you.
* * * LOW HITPOINT WARNING * * *
Unknown command.
Unknown command.
You scratch the ghost moth but do no damage.
The ghost moth hits you!!
* * * LOW HITPOINT WARNING * * *
You block the ghost moth's attack. x2
Unknown command.
You closely miss the ghost moth.
You hear a hideous shriek!
The ghost moth stares at you.
You feel your power leaking away. The ghost moth hits you!
* * * LOW HITPOINT WARNING * * *
You block the ghost moth's attack. The ghost moth stings you.
You die...

### ##y##
#@#.##
#.###.## #.#
##.## . #.#
##.## .. #.#
##.## .##.
#.#
##B#####....
#.#
#^.#....#..
##
###......#.
#.......B.


You could see a ghost moth (invisible).

Vanquished Creatures
  2 emperor scorpions (Lair:4)
  An entropy weaver (Spider:1)
  2 vault guards (D:13)
  A jorogumo (Lair:4)
  12 hydras
  5 boulder beetles
  5 catoblepae
  3 centaur warriors
  Erica (D:10)
  5 two-headed ogres
  Urug (D:13)
  Nergalle (D:11)
  3 orc high priests (Orc:2)
  A fire crab (Gauntlet)
  A bog body (Lair:3)
  A pharaoh ant (Lair:4)
  An orb spider (Spider:1)
  A necromancer (D:15)
  7 orc knights
  A wizard (D:15)
  2 deep elf pyromancers
  A deep elf zephyrmancer (D:15)
  4 wolf spiders
  2 lindwurms (Volcano)
  An ugly thing (D:13)
  5 orc sorcerers (Orc:2)
  6 slime creatures
  3 manticores
  An oklob plant (Lair:2)
  4 cyclopes
  2 centaur zombies (D:15)
  An eye of devastation (Gauntlet)
  4 molten gargoyles (Volcano)
  6 black mambas
  A centaur skeleton (D:15)
  A torpor snail (Lair:5)
  13 cane toads
  A naga mage (D:15)
  A demonic crawler (Spider:1)
  4 rime drakes
  3 efreet (Volcano)
  7 yaktaurs (D:15)
  2 kobold demonologists
  7 komodo dragons
  6 trolls
  A queen bee (Lair:2)
  8 polar bears
  5 tarantellas
  A meliai (shapeshifter) (D:15)
  5 hornets
  4 blink frogs (Lair:6)
  2 dream sheep (Lair:6)
  4 jumping spiders
  13 spriggans (Lair:6)
  4 culicivoras (Spider:1)
  3 shadows
  6 flying skulls (Gauntlet)
  3 wraiths (Lair:5)
  69 yaks
  10 humans (D:13)
  3 fire elementals (Volcano)
  A basilisk (shapeshifter) (D:15)
  6 fire bats (Gauntlet)
  8 wyverns
  12 redbacks
  A steam dragon (Lair:3)
  4 basilisks
  A warg (Orc:1)
  12 vampire mosquitoes
  2 acid dragons
  A floating eye (Gauntlet)
  12 water moccasins
  3 hell hounds (Gauntlet)
  2 sky beasts
  An ice beast (D:6)
  6 black bears
  43 orc warriors
  9 boggarts
  4 ogres
  35 wolves
  4 centaurs
  4 kobold brigands
  A phantom (D:4)
  8 bullfrogs
  2 scorpions
  4 gnoll sergeants
  2 earth elementals (Volcano)
  6 wights
  36 killer bees
  2 howler monkeys (D:7)
  2 electric eels (Lair:2)
  2 jellies
  27 orc priests
  An iguana (D:6)
  34 orc wizards
  17 gnolls
  9 adders
  A white imp (D:5)
  An ufetubus (D:4)
  2 worms (D:2)
  3 dart slugs
  86 orcs
  4 bats
  13 endoplasms
  8 giant cockroaches
  19 goblins
  22 hobgoblins
  8 jackals
  19 kobolds
  4 quokkas
  3 ball pythons
  3 frilled lizards
  29 rats
  2 fire vortices (Volcano)
835 creatures vanquished.

Vanquished Creatures (collateral kills)
  An orc warlord (Bailey)
  A minotaur (Gauntlet)
  Josephine (Lair:5)
  A wraith (Lair:5)
  An orc warrior (Orc:1)
  An ogre (Orc:2)
  A phantom (D:6)
  An orc priest (Orc:2)
  An orc (Orc:2)
9 creatures vanquished.

Vanquished Creatures (others)
  A shadow (D:9)
  A wyvern (D:9)
  An acid dragon (D:9)
  A boggart (Lair:6)
  A jelly (Lair:6)
  An orc (D:15)
  35 fungi
  41 plants
82 creatures vanquished.

Grand Total: 926 creatures vanquished

Notes
Turn   | Place    | Note
-------+----------+-------------------------------------------
     0 | D:1      | Morbidden the Troll Transmuter began the quest for the Orb.
     0 | D:1      | Reached XP level 1. HP: 18/18 MP: 1/1
   187 | D:1      | Reached XP level 2. HP: 26/26 MP: 2/2
   364 | D:1      | Found a faded altar of an unknown god.
   481 | D:1      | Prayed at the altar of an unknown god.
   481 | D:1      | Became a worshipper of Qazlal Stormbringer
   481 | D:1      | Reached * piety under Qazlal
   883 | D:2      | Reached XP level 3. HP: 32/32 MP: 3/3
   916 | D:2      | Reached skill level 1 in Fighting
   996 | D:2      | Reached ** piety under Qazlal
  1044 | D:2      | Reached skill level 4 in Unarmed Combat
  1166 | D:2      | Reached XP level 4. HP: 35/41 MP: 5/5
  1373 | D:2      | Learned a level 3 spell: Spider Form
  1650 | D:2      | Reached skill level 1 in Throwing
  1851 | D:3      | Reached XP level 5. HP: 48/48 MP: 6/6
  2231 | D:3      | Reached *** piety under Qazlal
  2246 | D:3      | Noticed a water moccasin
  2257 | D:3      | Killed a water moccasin
  2338 | D:4      | Reached XP level 6. HP: 55/55 MP: 7/7
  2346 | D:4      | Reached skill level 5 in Unarmed Combat
  2346 | D:4      | Reached skill level 1 in Invocations
  2625 | D:4      | Reached XP level 7. HP: 61/63 MP: 8/8
  2990 | D:5      | Entered Level 5 of the Dungeon
  2997 | D:5      | Reached skill level 1 in Poison Magic
  3000 | D:4      | Reached **** piety under Qazlal
  3025 | D:4      | Reached skill level 6 in Unarmed Combat
  3216 | D:5      | Reached XP level 8. HP: 72/72 MP: 9/9
  3452 | D:5      | Found a sparkling altar of Nemelex Xobeh.
  3461 | D:5      | Found a shimmering altar of Xom.
  3461 | D:5      | Found a hide-covered altar of Uskayaw.
  3463 | D:5      | Found a shimmering altar of Xom.
  3463 | D:5      | Found an ancient bone altar of Kikubaaqudgha.
  3463 | D:5      | Found a glowing golden altar of the Shining One.
  3678 | D:5      | Found an opulent altar of Gozag.
  3875 | D:6      | Reached skill level 7 in Unarmed Combat
  3929 | D:6      | Found a staircase to the Ecumenical Temple.
  3982 | D:6      | Found a glowing golden altar of the Shining One.
  4198 | D:6      | Reached skill level 1 in Shields
  4590 | D:7      | Found a hide-covered altar of Uskayaw.
  4725 | D:7      | Learned a level 4 spell: Ice Form
  4932 | D:8      | Reached skill level 8 in Unarmed Combat
  5006 | D:7      | Reached XP level 9. HP: 16/80 MP: 11/11
  5761 | D:8      | Reached skill level 1 in Ice Magic
  5838 | D:8      | Found a white marble altar of Elyvilon.
  5873 | D:8      | Found a runed translucent gate.
  5873 | D:8      | Found a runed translucent gate.
  5873 | D:8      | Found a runed translucent gate.
  5878 | D:8      | Noticed Infinimo's ghost (novice DsGl)
  6026 | D:8      | Reached skill level 9 in Unarmed Combat
  6158 | D:8      | Reached ***** piety under Qazlal
  6196 | D:8      | Found a shimmering blue altar of Sif Muna.
  6196 | D:8      | Found a faded altar of an unknown god.
  6203 | D:8      | Found a faded altar of an unknown god.
  6205 | D:8      | Found a stormy altar of Qazlal.
  6207 | D:8      | Found a basalt altar of Yredelemnul.
  6352 | D:9      | Noticed a two-headed ogre
  6354 | D:9      | Noticed a two-headed ogre
  6358 | D:9      | Noticed Bruhh's ghost (journeyman DjFE)
  6364 | D:9      | Killed a two-headed ogre
  6365 | D:9      | Reached XP level 10. HP: 76/91 MP: 13/13
  6365 | D:9      | Noticed a two-headed ogre
  6535 | D:9      | Reached skill level 10 in Unarmed Combat
  6955 | D:9      | Noticed a two-headed ogre
  6966 | D:9      | Killed a two-headed ogre
  6994 | D:9      | Found a bloodstained altar of Trog.
  7008 | D:9      | Found an ancient bone altar of Kikubaaqudgha.
  7073 | D:9      | Found a transporter.
  7073 | D:9      | Noticed a two-headed ogre
  7073 | D:9      | Found the +2 Maxwell's thermic engine {flame, freeze}
  7073 | D:9      | Noticed a two-headed ogre
  7074 | D:9      | Found a transporter.
  7096 | D:9      | Noticed a centaur warrior
  7098 | D:9      | Noticed a deep elf pyromancer
  7105 | D:9      | Killed a centaur warrior
  7116 | D:9      | Reached skill level 1 in Armour
  7116 | D:9      | Reached XP level 11. HP: 58/100 MP: 14/14
  7119 | D:9      | Noticed a centaur warrior
  7144 | D:9      | Killed a centaur warrior
  7160 | D:9      | Reached skill level 5 in Dodging
  7271 | D:9      | Noticed a sun demon
  7272 | D:9      | Killed a deep elf pyromancer
  7513 | D:9      | Reached skill level 11 in Unarmed Combat
  7646 | D:9      | Noticed a catoblepas
  7659 | D:9      | Killed a catoblepas
  7762 | D:9      | Found a staircase to the Lair.
  7768 | Lair:1   | Entered Level 1 of the Lair of Beasts
  7860 | Lair:1   | Noticed a four-headed hydra
  7870 | Lair:1   | Killed a five-headed hydra
  8058 | Lair:1   | Noticed Banquo's ghost (journeyman HOFi)
  8059 | Lair:1   | Found a transporter.
  8230 | Lair:1   | Found a transporter.
  8319 | Lair:1   | Noticed an eight-headed hydra
  8491 | Lair:2   | Reached skill level 5 in Throwing
  8496 | Lair:2   | Reached skill level 12 in Unarmed Combat
  8520 | Lair:2   | Noticed a four-headed hydra
  8525 | Lair:2   | Killed a four-headed hydra
  8591 | Lair:2   | Reached XP level 12. HP: 109/109 MP: 11/16
  8853 | Lair:2   | Reached skill level 5 in Fighting
  9818 | Lair:3   | Noticed a six-headed hydra
  9824 | Lair:3   | Killed a seven-headed hydra
  9825 | Lair:3   | Reached skill level 5 in Transmutations
  9920 | Lair:3   | Reached skill level 13 in Unarmed Combat
  9959 | Lair:3   | Reached ****** piety under Qazlal
 10551 | Lair:3   | Found a staircase to the Swamp.
 10669 | Lair:4   | Found a hole to the Spider Nest.
 10686 | Lair:4   | Noticed an eight-headed hydra
 10704 | Lair:4   | Killed an eight-headed hydra
 10905 | Lair:4   | Reached XP level 13. HP: 118/120 MP: 18/18
 11069 | Lair:4   | Identified the ring "Qoblaqeno" {EV+4 Str+6}
 11348 | Lair:4   | Identified the +2 leather armour of Yesterday {-Tele Harm
                  | Will+ Str+8}
 11773 | Lair:5   | Noticed Josephine
 11787 | Lair:5   | Killed Josephine
 12179 | Lair:6   | Entered Level 6 of the Lair of Beasts
 12279 | Lair:6   | Reached skill level 14 in Unarmed Combat
 12429 | Lair:6   | Found a staircase to the Slime Pits.
 12876 | Lair:6   | HP: 1/120 [komodo dragon[a boggart] (23)]
 13417 | Lair:6   | Reached XP level 14. HP: 117/131 MP: 19/19
 13974 | D:10     | Entered Level 10 of the Dungeon
 14034 | D:10     | Found Xuroor's Armour Shop.
 14042 | D:10     | Bought a +0 cloak of poison resistance for 102 gold pieces
 14116 | D:10     | Found a flagged portal.
 14126 | D:10     | Reached skill level 15 in Unarmed Combat
 14136 | Bailey   | Entered a bailey
 14250 | Bailey   | Noticed an orc warlord
 14258 | Bailey   | Killed an orc warlord
 14343 | Bailey   | Reached XP level 15. HP: 145/145 MP: 21/21
 14688 | D:10     | Noticed Erica
 14697 | D:10     | Killed Erica
 15017 | D:10     | Found a staircase to the Orcish Mines.
 15358 | D:11     | Reached skill level 5 in Ice Magic
 15436 | D:11     | Noticed Nergalle
 15453 | D:11     | Killed Nergalle
 16066 | D:12     | Reached skill level 5 in Spellcasting
 16284 | D:12     | Identified 2 scrolls of acquirement
 16284 | D:12     | Acquired an amulet of magic regeneration
 16301 | D:12     | Acquired 890 gold pieces
 16574 | D:13     | Noticed Urug
 16582 | D:13     | Killed Urug
 16834 | D:13     | Found a gate to the Vaults.
 17216 | D:14     | Found Rial's Antique Armour Shop.
 17254 | D:14     | Found Gowoek's Assorted Antiques.
 17258 | D:14     | Found Coighaekk's Distillery.
 17258 | D:14     | Found Jeetawo's Book Emporium.
 17340 | D:14     | Bought a book of Air for 264 gold pieces
 17345 | D:14     | Learned a level 4 spell: Airstrike
 17475 | D:14     | Identified the +6 falchion of Aseqoukko {protect, rPois
                  | Str+3}
 17904 | D:15     | Entered Level 15 of the Dungeon
 18218 | D:15     | Reached skill level 16 in Unarmed Combat
 18480 | D:15     | Found a broken altar of Ashenzari.
 18481 | D:15     | Identified the +1 hand crossbow of the Valley {penet,
                  | Fragile MP+9 Int+6 Dex+4}
 18606 | D:15     | Reached skill level 5 in Shields
 18609 | D:15     | Found a staircase to the Depths.
 18900 | Orc:1    | Entered Level 1 of the Orcish Mines
 18957 | Orc:1    | Reached XP level 16. HP: 92/154 MP: 23/23
 19055 | Orc:1    | Found Werph's Magic Scroll Boutique.
 19063 | Orc:1    | Bought a scroll of teleportation for 33 gold pieces
 19063 | Orc:1    | Bought a scroll of blinking for 82 gold pieces
 19133 | Orc:1    | Found a dark tunnel.
 19142 | Volcano  | Entered a volcano
 19296 | Volcano  | Found the +3 pair of seven-league boots {Rampage+∞}
 19311 | Volcano  | Reached skill level 1 in Air Magic
 19827 | Orc:2    | Entered Level 2 of the Orcish Mines
 19868 | Orc:2    | Found a gate leading to a gauntlet.
 19881 | Gauntlet | Entered a Gauntlet
 19881 | Gauntlet | Found a transporter.
 19903 | Gauntlet | Found a transporter.
 19918 | Gauntlet | Found a transporter.
 19923 | Gauntlet | Found a transporter.
 19940 | Gauntlet | Found a transporter.
 19958 | Gauntlet | Found a transporter.
 19970 | Gauntlet | Found a transporter.
 19982 | Gauntlet | Found a transporter.
 19994 | Gauntlet | Found a transporter.
 20009 | Gauntlet | Found a transporter.
 20033 | Gauntlet | Found a transporter.
 20053 | Gauntlet | Found a transporter.
 20073 | Gauntlet | Found a transporter.
 20095 | Gauntlet | Found a transporter.
 20153 | Gauntlet | Found a transporter.
 20173 | Gauntlet | Found a transporter.
 20198 | Gauntlet | Found a transporter.
 20200 | Gauntlet | Found a transporter.
 20403 | Gauntlet | Identified the ring "Noucopas" {Fire Int+4}
 20675 | Orc:2    | Paralysed by an orc sorcerer for 3 turns
 20814 | Orc:2    | Found a staircase to the Elven Halls.
 21290 | Orc:2    | Found Fatiu's Weapon Shop.
 21295 | Orc:2    | Found Ryex's Weapon Shoppe.
 21302 | Orc:2    | Bought 2 curare-tipped darts for 14 gold pieces
 21327 | Orc:2    | Found Vatien's Armour Shoppe.
 21332 | Orc:2    | Found Zeanno's Armour Shop.
 21544 | Spider:1 | Entered Level 1 of the Spider Nest
 22122 | Spider:1 | HP: 1/156 [ghost moth (12)]
 22122 | Spider:1 | Slain by a ghost moth

Illustrated notes

Levels and vault maps discovered:
D:1:      dpeg_arrival_snail, layout_basic, chequers_ecumenical_altar_grove
D:2:      kb_forest_paths, layout_basic, minmay_misc_feat_square,
          minmay_rat_hole
D:3:      layout_basic, minmay_misc_feat_tower, chequers_serial_rivers_small_b
D:4:      layout_loops_ring
D:5:      layout_layer_cave, nicolae_gozag_cash_rules_everything_around_me,
          doesnt_xom_only_xom
D:6:      layout_rooms, tso_metal_star, minmay_temple_entry_junction,
          st_stairs_4, glass_columns_b
D:7:      layout_rooms, mainiacjoe_overflow_alcove_1
D:8:      layout_gridville, elyvilon_altar_5,
          chequers_temple_overflow_minitemple, ebering_ghost_rock_garden
D:9:      nzn_winding_woodlands_three_and_one
          [nzn_winding_woodlands_5x15_default, nzn_winding_woodlands_5x15_pool,
          nzn_winding_woodlands_5x15_pathside_ponds,
          nzn_winding_woodlands_center_pierced_h], layout_basic,
          mainiacjoe_overflow_catch_the_wave, gammafunk_ghost_smash
D:10:     layout_basic, david_orc_2, enter_bailey_4, serial_shops, shop,
          uniq_erica
D:11:     layout_cave_pools, minmay_variable_closet, uniq_nergalle
D:12:     layout_loops_ring
D:13:     layout_rooms, ximxim_vaults_locker_room, uniq_urug
D:14:     layout_irregular_city, solitary_fountain, nicolae_wooded_promenade
D:15:     grunt_enter_depths_magical_seal, layout_long_grid, serial_park_tiny_2,
          serial_glass, glass_columns_b, glass_columns_b, ashenzari_altar_1
Lair:1:   layout_cave_shapes, gammafunk_ghost_berserking_beasts,
          lemuel_fruit_tree
Lair:2:   layout_cave_shapes, special_room [special_room_bee],
          serial_bayou_lake_a
Lair:3:   layout_regular_city, skrybe_swamp_entry_bodies,
          infiniplex_staircase_pool, grunt_megastairs_4
Lair:4:   layout_misc_corridors, dummy_spider_entry
Lair:5:   layout_regular_city, serial_bayou_shore_b, uniq_josephine
Lair:6:   minmay_lair_end_enchanted_forest, layout_regular_city,
          nicolae_slime_entry_slimehenge, grunt_megastairs_5,
          lemuel_fruit_fields
Spider:1: layout_spider_delve
Orc:1:    layout_caves, serial_shops, nicolae_shop_competitors_out_of_business,
          lightli_volcano_entry_magma_tube
Orc:2:    st_orc_elflike, layout_caves, gauntlet_entry_generic

Skill      XL: |  1  2  3  4  5  6  7  8  9 10 11 12 13 14 15 16 |
---------------+-------------------------------------------------+-----
Fighting       | 1 2 3 4 5 6 8 9 |  9.1
Unarmed Combat | 4 5 6 8 9 10 12 13 14 15 16 | 16.7
Dodging        | 2 3 4 5 6 7 8 |  8.8
Throwing       | 1 2 3 4 5 6 7 |  7.5
Transmutations | 2 3 4 5 6 7 |  7.4
Invocations    | 1 2 3 |  3.0
Poison Magic   | 1 2 3 |  3.6
Spellcasting   | 2 3 4 5 |  5.6
Shields        | 1 2 3 4 5 6 |  6.4
Ice Magic      | 1 2 3 4 5 |  5.9
Armour         | 1 2 3 |  3.7
Air Magic      | 1 |  1.7

Action                   |  1- 3 |  4- 6 |  7- 9 | 10-12 | 13-15 | 16-18 || total
-------------------------+-------+-------+-------+-------+-------+-------++-------
Melee: Unarmed           |   142 |   147 |   228 |   504 |  1017 |   415 ||  2453
       Punch             |     1 |       |       |     2 |    31 |       ||    34
       Kick              |       |       |       |    19 |    12 |    10 ||    41
       Headbutt          |       |       |       |    10 |    10 |     3 ||    23
Throw: Boomerang         |     1 |       |     4 |    14 |    35 |    53 ||   107
       Large rock        |       |       |       |       |     2 |       ||     2
       Dart              |       |       |       |       |       |     5 ||     5
 Cast: Beastly Appendage |     2 |       |       |    12 |     6 |     4 ||    24
       Spider Form       |       |       |     5 |     3 |     2 |       ||    10
       Ice Form          |       |       |       |    11 |     9 |       ||    20
Invok: Upheaval          |       |       |       |       |     2 |     1 ||     3
       Elemental Force   |       |       |       |       |     3 |     1 ||     4
Evoke: Wand              |       |       |       |     2 |     7 |     3 ||    12
       Phantom mirror    |       |       |       |       |     1 |     1 ||     2
       Condenser vane    |       |       |       |       |     1 |       ||     1
  Use: Scroll            |       |     3 |    10 |     5 |    10 |    16 ||    44
       Potion            |       |       |       |     3 |     2 |     2 ||     7
 Stab: Petrified         |       |       |       |       |     7 |       ||     7
       Petrifying        |       |       |       |       |     1 |       ||     1
       Distracted        |       |       |       |       |     1 |     1 ||     2
       Confused          |       |       |       |       |     1 |       ||     1
Armor: Robe              |    54 |    47 |    32 |       |       |       ||   133
       Acid dragon scale |       |       |     8 |    49 |       |       ||    57
       Skin              |       |       |     4 |    62 |    39 |       ||   105
       Troll leather arm |       |       |       |    70 |   188 |    34 ||   292
       Quicksilver drago |       |       |       |       |       |   122 ||   122
Dodge: Dodged            |    73 |    87 |   127 |   295 |   511 |   176 ||  1269
       Repelled          |       |       |     2 |     4 |     2 |     6 ||    14
Block: Other             |    11 |    18 |    11 |    59 |   210 |       ||   309
       Orb               |       |    15 |    33 |   109 |       |       ||   157
       Kite shield       |       |       |       |       |   298 |       ||   298
       Tower shield      |       |       |       |       |   137 |   510 ||   647

Table legend: (Time is in decaauts)
 A = Elapsed time spent in this place.
 B = Non-inter-level travel time spent in this place.
 C = Inter-level travel time spent in this place.
 D = Time resting spent in this place.
 E = Time spent auto-exploring this place.
 F = Levels seen in this place.
 G = Mean time per level.
                   A        B        C        D        E       F      G
               +--------+--------+--------+--------+--------+-----+--------+
         Total |  21811 |  20709 |   1102 |   1619 |  13521 |  27 |  807.8 |
       Dungeon |  12274 |  11665 |    609 |    795 |   8112 |  15 |  818.3 |
          Lair |   6511 |   6134 |    377 |    712 |   4122 |   6 | 1085.2 |
   Spider Nest |    176 |    176 |      0 |      5 |     23 |   1 |  176.0 |
  Orcish Mines |   1571 |   1456 |    115 |     64 |    799 |   2 |  785.5 |
        Bailey |    332 |    332 |      0 |      0 |    139 |   1 |  332.0 |
       Volcano |    273 |    273 |      0 |     43 |     44 |   1 |  273.0 |
      Gauntlet |    671 |    671 |      0 |      0 |    282 |   1 |  671.0 |
               +--------+--------+--------+--------+--------+-----+--------+

Top non-repeatable levels by time:
     D:9: 1440 daAuts
  Lair:2: 1377 daAuts
  Lair:6: 1367 daAuts
     D:7: 1225 daAuts
  Lair:4: 1133 daAuts
    D:10: 1038 daAuts
  Lair:5: 974 daAuts
  Lair:3: 939 daAuts
     D:2: 881 daAuts
    D:15: 864 daAuts
     D:1: 834 daAuts
     D:5: 832 daAuts
   Orc:2: 831 daAuts
    D:14: 787 daAuts
     D:8: 752 daAuts
